Map: Crête de Lerilak

Players

zidar - Winner!

  • Race: Zerg Zerg
  • League: Silver
  • Spawn Location: 7:00

Lelethb

  • Race: Terran Terran
  • League: Silver
  • Spawn Location: 1:00

VOD

Have the link to the VOD?

Description

Time

  • Played on: Dec. 13, 2015, 5:46 a.m.
  • Length: 16:22
Show
View Real Time Build Order
Export as new Build Order

zidar Zerg - Winner!

Build Orders: Hatch First 

Get SALT Encoding   

  12  0:02  Drone  
  13  0:12  Overlord  
  13  0:17  Drone  
  14  0:30  Drone x2  
  14  0:34  Drone  
  17  0:57  Hatchery  
  17  1:00  Drone  
  17  1:14  Spawning Pool  
  17  1:16  Drone  
  17  1:21  Extractor  
  17  1:22  Drone  
  17  1:36  Drone  
  17  1:37  Overlord  
  17  1:39  Drone  
  18  1:59  Drone  
  19  2:01  Queen  
  21  2:09  Queen  
  21  2:13  Zergling x2  
  21  2:14  Zergling x4  
  26  2:29  Drone x2  
  28  2:34  Metabolic Boost  
  28  2:57  Roach Warren  
  27  2:59  Extractor  
  26  3:15  Drone x8  
  34  3:41  Spine Crawler  
  34  3:43  Overlord x3  
  33  4:00  Evolution Chamber  
  32  4:04  Evolution Chamber  
  31  4:12  Roach  
  31  4:13  Roach x5  
  31  4:14  Roach  
  45  4:25  Drone  
  45  4:26  Drone x3  
  49  4:39  Zerg Ground Armor Level 1  
  49  4:42  Zerg Missile Weapons Level 1  
  49  4:48  Roach  
  49  4:49  Roach  
  53  4:55  Drone  
  53  4:56  Drone x2  
  55  5:10  Roach x2  
  55  5:13  Overlord  
  55  5:14  Overlord  
  59  5:34  Roach  
  59  5:35  Roach x6  
  73  5:39  Ravager x2  
  75  5:54  Overlord x3  
  75  5:59  Extractor  
  74  6:14  Ravager x2  
  74  6:16  Ravager  
  77  6:21  Roach  
  79  6:32  Roach x3  
  89  6:41  Roach  
  61  7:11  Ravager  
  61  7:12  Ravager  
  61  7:13  Ravager  
  59  8:05  Roach x3  
  65  8:06  Roach x2  
  53  8:44  Spore Crawler x2  
  32  10:03  Roach x7  
  46  10:32  Roach  
  46  10:33  Roach x3  
  54  10:55  Roach  
  54  10:56  Roach x3  
  60  11:32  Ravager  
  61  11:33  Ravager x4  
  57  12:47  Roach x3  
  56  14:57  Drone x5  
  61  15:09  Drone  
  62  15:22  Drone x2  
  64  15:54  Drone x6  
Show
View Real Time Build Order
Export as new Build Order

Lelethb Terran 

Build Orders: Liberator Opening 

Get SALT Encoding   

  12  0:01  SCV  
  13  0:13  SCV  
  14  0:19  Supply Depot  
  14  0:25  SCV  
  15  0:40  Refinery  
  15  0:45  Barracks  
  15  0:47  SCV  
  16  0:59  SCV  
  17  1:11  SCV  
  18  1:23  SCV  
  19  1:33  Supply Depot  
  19  1:35  Refinery  
  19  1:36  Orbital Command  
  19  1:39  Marine  
  20  2:00  Factory  
  20  2:03  Marine  
  20  2:04  SCV  
  22  2:16  SCV  
  23  2:28  SCV  
  24  2:37  Marine  
  24  2:40  SCV  
  26  2:50  Starport  
  25  2:51  Factory Reactor  
  25  2:56  Barracks Reactor  
  25  3:01  Supply Depot  
  25  3:06  Command Center  
  25  3:09  SCV  
  26  3:20  Liberator x2  
  26  3:21  SCV  
  33  3:54  Hellion x2  
  37  3:57  SCV  
  37  4:01  Supply Depot  
  38  4:07  Armory  
  38  4:17  Hellion x2  
  38  4:18  SCV  
  38  4:19  Barracks Tech Lab  
  43  4:28  Orbital Command  
  43  4:39  Hellion x2  
  43  4:42  Stimpack  
  47  4:52  Bunker  
  47  4:58  Liberator  
  46  5:00  Hellion x2  
  46  5:06  Orbital Command  
  53  5:34  Hellion  
  53  5:35  Hellion  
  57  5:39  SCV x2  
  59  5:43  Marine  
  60  5:51  Barracks, SCV  
  60  5:54  Barracks  
  60  5:56  Hellion  
  63  5:57  SCV  
  63  6:03  SCV  
  65  6:07  Supply Depot  
  59  7:22  Barracks Tech Lab, Barracks Reactor  
  59  7:26  Marauder  
  55  7:30  Medivac x2  
  55  7:35  Supply Depot  
  57  7:46  Barracks  
  57  7:47  Marine, Barracks x2  
  57  7:51  SCV x2  
  55  7:59  Supply Depot  
  55  8:00  Medivac  
  55  8:03  SCV x2  
  55  8:05  Marine  
  60  8:15  SCV x2  
  62  8:23  Marine  
  63  8:28  Marine x2, Marauder  
  67  8:34  Supply Depot  
  67  8:37  Engineering Bay  
  67  8:38  Engineering Bay  
  67  8:41  Marine, Barracks Tech Lab  
  68  8:42  Barracks Reactor x2  
  68  8:45  SCV x2  
  68  8:46  Marine x2  
  72  8:49  Marine  
  72  8:50  Supply Depot  
  72  8:57  SCV  
  65  9:03  Marauder x2  
  65  9:04  Marine x2  
  65  9:07  Marauder  
  52  9:24  Marine x4  
  52  9:25  Marine x2, Marauder x2  
  52  9:29  Marauder  
  55  9:38  Terran Infantry Weapons Level 1  
  55  9:39  Terran Infantry Armor Level 1  
  55  9:42  Marine x5  
  40  10:01  Marine, Marauder x3  
  11  11:19  SCV  
  12  11:31  SCV  
  13  11:43  Barracks Tech Lab, SCV  
  13  11:45  Barracks Tech Lab  
  14  11:49  Barracks Tech Lab  
  14  11:55  SCV  
  14  11:56  Barracks Reactor  
  14  12:25  Marauder x3  
  16  12:35  Supply Depot  
  13  12:37  Supply Depot  
  13  12:46  Marauder  
  13  12:47  Marauder x2  
  19  12:58  Marine  
  19  12:59  Marine  
  21  13:07  Marine  
  21  13:08  Marauder x2  
  6  13:53  Orbital Command  
  6  14:47  SCV  
  7  14:59  SCV  
  8  15:11  SCV  
  9  15:36  Barracks x2  
  9  15:37  Barracks  
  10  15:59  Supply Depot  
Tags
 
Add a new tag
Caveats
  • Supply blocks, unpowered buildings, or Contaminate may cause inaccurate times.
  • Supply counts are checked every 10 seconds.